 Dungeon Crawl Stone Soup version 0.22-a0-358-g7563fe7 (webtiles) character file.

49 grindst0ne the Skirmisher (level 4, -5/37 HPs)
             Began as a Formicid Abyssal Knight on Apr 18, 2018.
             Was a Follower of Lugonu.
             Slain by a gnoll
             ... wielding a +0 halberd
              (10 damage)
             ... on level 2 of the Dungeon.
             The game lasted 00:01:47 (1481 turns).

grindst0ne the Skirmisher (Formicid Abyssal Knight) Turns: 1481, Time: 00:01:48

Health: -5/37      AC:  3    Str: 17    XL:     4   Next: 1%
Magic:  6/6        EV: 11    Int: 12    God:    Lugonu [*.....]
Gold:   36         SH:  0    Dex: 10    Spells: 3/3 levels left

rFire    . . .     SeeInvis +   a - +1 falchion
rCold    . . .     Gourm    .   (no shield)
rNeg     . . .     Faith    .   b - +0 leather armour
rPois    .         Spirit   .   (helmet unavailable)
rElec    .         Reflect  .   (no cloak)
rCorr    .         Harm     .   (no gloves)
MR       .....                  (no boots)
Stlth    +.........             (no amulet)
HPRegen  0.12/turn              (no ring)
MPRegen  0.10/turn              (no ring)

@: no status effects
A: permanent stasis, dig shafts and tunnels, four strong arms, antennae 3
a: Dig, Shaft Self, Depart the Abyss, Renounce Religion


You were on level 2 of the Dungeon.
You worshipped Lugonu.
Lugonu was aware of your devotion.
You were not hungry.

You visited 1 branch of the dungeon, and saw 2 of its levels.
You visited the Abyss 1 time.

You collected 36 gold pieces.

Inventory:

Hand Weapons
 a - a +1 falchion (weapon)
Armour
 b - a +0 leather armour (worn)
Scrolls
 d - 2 scrolls of enchant weapon {unknown}
 g - a scroll of random uselessness {unknown}
 h - a scroll of enchant armour {unknown}
 i - a scroll of blinking {unknown}
Potions
 e - a potion of curing {unknown}
 f - a potion of might {unknown}
Comestibles
 c - 6 rations
 j - a chunk of flesh


   Skills:
 + Level 4.0 Fighting
 + Level 2.8 Long Blades
 - Level 2.1 Armour
 - Level 0.8 Dodging
 + Level 3.1 Invocations


You had 3 spell levels left.
You didn't know any spells.

Dungeon Overview and Level Annotations

Branches:
Dungeon (2/15)

Altars:
Ru
Zin


Innate Abilities, Weirdness & Mutations

You cannot be hasted, slowed, berserked, paralysed or teleported.
You can dig through walls and to a lower floor.
Your four strong arms can wield two-handed weapons with a shield.
You have a pair of large antennae on your head. (SInv)


Message History

The gnoll is severely wounded.
The gnoll hits you from afar with a halberd!
You closely miss the gnoll. The gnoll misses you. The gnoll closely misses you.
The gnoll barely misses you.
You hit the gnoll.
The gnoll is lightly wounded.
The gnoll barely misses you. x3
You hit the gnoll.
The gnoll is moderately wounded.
The gnoll hits you with a flail! The gnoll hits you with a club.
The gnoll hits you from afar with a halberd.
You slash the gnoll!
The gnoll is severely wounded.
The gnoll closely misses you.
You hit the gnoll.
The gnoll is severely wounded.
The gnoll hits you with a flail!
* * * LOW HITPOINT WARNING * * *
The gnoll hits you from afar with a halberd!
You die... ##### ... #### #. gg.

...#... #.#
......####.#
...##.....!##
............######
.....##..##...gg@#
....###..####.g#####
....# #..##....{...#
..#.###..#..)......#
...................#
.#..###............#
.##.#....#.........#
.##......#.........#
........###........#


You could see 3 gnolls.

Vanquished Creatures
  An adder (D:2)
  A worm (D:2)
  A dart slug (D:2)
  A leopard gecko (D:2)
  A giant cockroach (D:2)
  7 goblins
  4 hobgoblins
  8 bats
  A frilled lizard (D:1)
  8 kobolds
  A rat (D:1)
34 creatures vanquished.

Notes
Turn   | Place    | Note
-------+----------+-------------------------------------------
     0 | Abyss:1  | grindst0ne the Formicid Abyssal Knight began the quest for the Orb.
     0 | Abyss:1  | Reached XP level 1. HP: 18/18 MP: 2/2
    35 | Abyss:1  | Noticed a chaos spawn
    61 | D:1      | Escaped the Abyss
   153 | D:1      | Reached * piety under Lugonu
   342 | D:1      | Reached XP level 2. HP: 15/24 MP: 3/3
   891 | D:1      | Reached XP level 3. HP: 28/30 MP: 5/5
  1049 | D:2      | Found a sacrificial altar of Ru.
  1049 | D:2      | Found a glowing silver altar of Zin.
  1442 | D:2      | Reached skill level 4 in Fighting
  1442 | D:2      | Reached XP level 4. HP: 33/37 MP: 6/6
  1481 | D:2      | Slain by a gnoll

Vault maps used:
D:1:      dpeg_arrival_line_fractal
D:2:      chequers_temple_overflow_statue_of_worship, minmay_tetromino_i4

Skill      XL: |  1  2  3 |
---------------+----------+-----
Invocations    | 3 |  3.1
Fighting       | 4 |  4.0
Long Blades    | |  2.8
Armour         | |  2.1
Dodging        | |  0.8

Action                   |  1- 3 |  4- 6 || total
-------------------------+-------+-------++-------
Melee: Falchion          |    74 |     5 ||    79
Invok: Depart the Abyss  |     1 |       ||     1
  Eat: Chunk             |     2 |       ||     2
Armor: Leather armour    |    29 |       ||    29
Dodge: Dodged            |    64 |     9 ||    73
       Rpst.: Falchion   |    21 |     1 ||    22

Table legend:
 A = Spawn XP
 B = Non-spawn XP
 C = Spawn XP percentage of total XP
 D = Spawn monster count
 E = Non-spawn monster count
 F = Spawn count percentage of total count
 G = Total turns spent on level
                    A         B        C        D         E        F      G
               +---------+---------+-------+---------+---------+-------+---------
         Total |       0 |      70 |   0.0 |       0 |      34 |   0.0 |  1481
               +---------+---------+-------+---------+---------+-------+---------
           D:1 |       0 |      30 |   0.0 |       0 |      21 |   0.0 |   988
           D:2 |       0 |      40 |   0.0 |       0 |      13 |   0.0 |   432
               +---------+---------+-------+---------+---------+-------+---------
